 Dungeon Crawl Stone Soup version 0.30.1-4-g462c640d31 (webtiles) character file.

Game seed: 14224498143563412490

879 Babbit the Chopper (level 7, -3/61 HPs)
             Began as a Minotaur Fighter on Aug 30, 2023.
             Was a Believer of Lugonu.
             Slain by an angel
             ... wielding a +2 whip of holy wrath
              (5 damage)
             ... on level 6 of the Abyss.
             The game lasted 00:24:59 (4098 turns).

Babbit the Chopper (Minotaur Fighter)               Turns: 4098, Time: 00:25:00

Health: -3/61      AC:  8    Str: 22    XL:     7   Next: 75%
Magic:  6/6        EV: 10    Int:  5    God:    Lugonu [**....]
Gold:   246        SH:  4    Dex: 10    Spells: 6/6 levels left

rFire   . . .        a - +0 war axe
rCold   . . .        c - +0 buckler
rNeg    . . .        b - +0 scale mail
rPois   .            (helmet restricted)
rElec   .            (no cloak)
rCorr   .            g - +0 pair of gloves
SInv    .            (no boots)
Will    .....        (no amulet) Stlth
                     (no ring)
HPRegen 0.30/turn    (no ring)
MPRegen 0.10/turn

%: no passive effects
@: glowing
A: horns 2, retaliatory headbutt
a: Renounce Religion, Depart the Abyss, Banish


You were on level 6 of the Abyss.
You worshipped Lugonu.
Lugonu was pleased with you.
You visited 2 branches of the dungeon, and saw 7 of its levels.
You visited the Abyss 1 time.

You collected 246 gold pieces.

Inventory:

Hand Weapons
 a - a +0 war axe (weapon)
Missiles
 q - 3 boomerangs (quivered)
 D - 2 throwing nets
Armour
 b - a +0 scale mail (worn)
 c - a +0 buckler (worn)
 g - a +0 pair of gloves (worn)
Jewellery
 A - a ring of fire
Wands
 w - a wand of quicksilver (9)
Scrolls
 f - a scroll of teleportation {unknown}
 i - a scroll of blinking {unknown}
 l - a scroll of amnesia {unknown}
 n - 9 scrolls of identify {unknown}
 p - a scroll of vulnerability {unknown}
 r - a scroll of fear {unknown}
 t - a scroll of immolation {unknown}
 u - a scroll of poison {unknown}
 v - a scroll of noise {unknown}
 x - a scroll of acquirement {unknown}
 y - a scroll of enchant weapon {unknown}
Potions
 d - 2 potions of might
 e - 3 potions of magic {unknown}
 h - 2 potions of heal wounds {unknown}
 j - a potion of berserk rage {unknown}
 k - 2 potions of invisibility {unknown}
 m - 5 potions of curing
 o - a potion of haste
 s - a potion of resistance {unknown}
 z - 2 potions of lignification {unknown}
 B - a potion of mutation {unknown}
 C - 3 potions of flight {unknown}
 E - a potion of degeneration {unknown}


   Skills:
 + Level 5.3 Fighting
 + Level 7.3 Axes
 + Level 1.0 Throwing
 + Level 6.2 Armour
 + Level 2.1 Dodging
 + Level 0.1 Stealth
 + Level 4.8 Shields


You had 6 spell levels left.
You didn't know any spells.
Your spell library contained the following spells:

 Spells                   Type           Power      Damage    Failure   Level
 Poisonous Vapours        Pois/Air       0%         N/A       93%         2
 Mephitic Cloud           Conj/Pois/Air  0%         N/A       99%         3
 Freezing Cloud           Conj/Ice/Air   0%         6-21      100%        5


Dungeon Overview and Level Annotations

Branches:
Dungeon (8/15)             Temple (1/1) D:4
   Lair: D:8-11

Altars:
Ashenzari
Cheibriados
Dithmenos
Fedhas
Gozag
Hepliaklqana
Makhleb
Nemelex Xobeh
Okawaru
Qazlal
Sif Muna
Trog
Uskayaw
Vehumet
Wu Jian
Zin

Shops:
D:3 *

Annotations:
D:8 Psyche


Innate Abilities, Weirdness & Mutations

You have a pair of horns on your head.
You reflexively headbutt those who attack you in melee.


Message History

The smoke demon roars!
There is a runelight here.
You hear two shouts!
You hear an angry growl.
There is a runelight here.
There is a runelight here.
A large abomination comes into view.
There is a runelight here.
You hear a deafening roar!
You hear two shouts!
A raiju comes into view.
A small abomination comes into view.
The raiju barks!
Found a corrupted altar of Lugonu.
A raiju comes into view.
A tentacled starspawn comes into view.
There is a corrupted altar of Lugonu here.
You offer a prayer to Lugonu.
You hear an angry hiss.
You hear a screech!
The smoke demon gestures at you. Something smites you!
The smoke demon gestures at you. Something smites you!
You feel yourself growing ill in the presence of the ancient zyme.
The angel hits you with a +2 whip of holy wrath.
The angel hits you but does no damage.
You hear an angry hiss.
You hear a shout!
The angel hits you with a +2 whip of holy wrath!
You block the angel's attack.
Tentacles burst from the starspawn's body!
The angel hits you with a +2 whip of holy wrath!
* * * LOW HITPOINT WARNING * * *
The angel hits you with a +2 whip of holy wrath!
* * * LOW HITPOINT WARNING * * *
2 starspawn tentacles come into view.
The small abomination barely misses you.
You furiously retaliate!
You headbutt the small abomination, but do no damage.
The small abomination closely misses you.
The angel hits you with a +2 whip of holy wrath.
You die...

..... ..... ...§ ..§
#.# ## ##.## #
#.###...####.#
#.@Ax..Xw.. .#
#.###.X.w.~.## . #
#.....#.. .
#.######hh.##.###
#.......3_......#
.#.....3.#.........#
...#..#..#........
...x.#........ .#
#....#.....#. ...#


You could see an angel, a tentacled starspawn, a large abomination, a raiju, a
small abomination and 2 starspawn tentacles.

Vanquished Creatures
  An orc warrior (D:3)
  2 black bears
  An ogre (D:3)
  2 scorpions (D:4)
  An orc priest (D:5)
  2 gnoll boudas
  A hound (D:4)
  Terence (D:2)
  2 orc wizards (D:4)
  7 gnolls
  4 adders
  An ufetubus (D:4)
  2 worms
  2 dart slugs (D:1)
  16 orcs
  3 bats
  2 endoplasms
  5 giant cockroaches
  7 goblins
  8 hobgoblins
  10 jackals
  A quokka (D:1)
  4 ball pythons
  5 kobolds
  6 rats
96 creatures vanquished.

Vanquished Creatures (others)
  8 starspawn tentacles
8 creatures vanquished.

Grand Total: 104 creatures vanquished

Notes
Turn   | Place    | Note
-------+----------+-------------------------------------------
     0 | D:1      | Babbit the Minotaur Fighter began the quest for the Orb.
     0 | D:1      | Reached XP level 1. HP: 19/19 MP: 0/0
   158 | D:1      | Reached XP level 2. HP: 24/27 MP: 1/1
   513 | D:1      | Reached XP level 3. HP: 33/33 MP: 2/2
   992 | D:2      | Reached skill level 3 in Axes
  1045 | D:2      | Found a faded altar of an unknown god.
  1106 | D:2      | Noticed Terence
  1112 | D:2      | Killed Terence
  1113 | D:2      | Reached XP level 4. HP: 24/40 MP: 3/3
  1512 | D:3      | Found Miamo's General Store.
  1840 | D:3      | Found a broken altar of Ashenzari.
  1853 | D:3      | Reached skill level 4 in Axes
  1989 | D:4      | Noticed an ogre
  1989 | D:4      | Noticed a scorpion
  1996 | D:3      | Killed an ogre
  1997 | D:3      | Reached skill level 5 in Armour
  1997 | D:3      | Reached skill level 1 in Dodging
  1997 | D:3      | Reached XP level 5. HP: 16/46 MP: 4/4
  2113 | D:4      | Reached skill level 5 in Axes
  2139 | D:4      | Noticed a black bear
  2148 | D:4      | Killed a black bear
  2149 | D:4      | Reached XP level 6. HP: 47/53 MP: 5/5
  2382 | D:4      | Reached skill level 6 in Axes
  2675 | D:4      | Noticed an orc warrior
  2693 | D:3      | Killed an orc warrior
  2694 | D:3      | Reached skill level 1 in Throwing
  2694 | D:3      | Reached XP level 7. HP: 44/60 MP: 6/6
  2751 | D:4      | Reached skill level 5 in Fighting
  2873 | D:4      | Found a staircase to the Ecumenical Temple.
  2879 | Temple   | Entered the Ecumenical Temple
  2933 | Temple   | Became a worshipper of Warmaster Okawaru
  3028 | D:5      | Entered Level 5 of the Dungeon
  3243 | D:5      | Reached skill level 7 in Axes
  3718 | D:5      | You fall into a shaft and drop 3 floors!
  3758 | D:8      | Noticed Psyche
  3763 | Abyss:1  | Cast into level 1 of the Abyss (Psyche)
  3822 | Abyss:1  | Noticed a large abomination
  3835 | Abyss:1  | Found a corrupted altar of Lugonu.
  3838 | Abyss:1  | Noticed a raiju
  3838 | Abyss:1  | Noticed a raiju
  3838 | Abyss:1  | Noticed a raiju
  3843 | Abyss:1  | Noticed a raiju
  3854 | Abyss:1  | Noticed a raiju
  3854 | Abyss:1  | Noticed a raiju
  3937 | Abyss:2  | Noticed a cacodemon
  3950 | Abyss:3  | Found a corrupted altar of Lugonu.
  3952 | Abyss:3  | Noticed a tentacled starspawn
  3958 | Abyss:3  | Fell from the grace of Okawaru
  3958 | Abyss:3  | Became a worshipper of Lugonu the Unformed
  3958 | Abyss:3  | Reached * piety under Lugonu
  3958 | Abyss:3  | Reached ** piety under Lugonu
  3994 | Abyss:4  | Noticed a glowing orange brain
  3995 | Abyss:4  | Noticed a blizzard demon
  3995 | Abyss:4  | Noticed a tentacled starspawn
  4011 | Abyss:4  | Noticed a chaos spawn
  4021 | Abyss:4  | Noticed a reaper
  4025 | Abyss:5  | Found a shimmering altar of Xom.
  4025 | Abyss:5  | Found a shimmering altar of Xom.
  4026 | Abyss:5  | Found a shimmering altar of Xom.
  4026 | Abyss:5  | Found a shimmering altar of Xom.
  4026 | Abyss:5  | Found a shimmering altar of Xom.
  4026 | Abyss:5  | Found a shimmering altar of Xom.
  4026 | Abyss:5  | Found a corrupted altar of Lugonu.
  4026 | Abyss:5  | Found a shimmering altar of Xom.
  4026 | Abyss:5  | Found a shimmering altar of Xom.
  4026 | Abyss:5  | Found a corrupted altar of Lugonu.
  4027 | Abyss:5  | Found a shimmering altar of Xom.
  4027 | Abyss:5  | Noticed a blink frog
  4027 | Abyss:5  | Noticed a blink frog
  4072 | Abyss:6  | Noticed a large abomination
  4077 | Abyss:6  | Noticed a smoke demon
  4081 | Abyss:6  | Noticed a large abomination
  4082 | Abyss:6  | Noticed an angel
  4087 | Abyss:6  | Noticed a raiju
  4087 | Abyss:6  | Noticed a raiju
  4088 | Abyss:6  | Found a corrupted altar of Lugonu.
  4088 | Abyss:6  | Noticed a raiju
  4091 | Abyss:6  | Noticed a tentacled starspawn
  4092 | Abyss:6  | Noticed an ancient zyme
  4096 | Abyss:6  | HP: 1/61 [angel/+2 whip of holy wrath (7)]
  4098 | Abyss:6  | Slain by an angel

Illustrated notes

Levels and vault maps discovered:
D:1:      co_arrival_random_square_maze, layout_basic,
          nicolae_concentric_dashed_squares_mild
D:2:      layout_basic, ebering_ecumenical_altar_mist, uniq_terence
D:3:      layout_rooms, ashenzari_conservatory_becter, serial_shops,
          nicolae_shop_tiny_glass, minmay_unequal
D:4:      layout_rooms, minmay_temple_entry_hall
D:5:      layout_rooms, elyvilon_altar_3, gammafunk_ghost_stat_death,
          dk_vineyard_1
D:8:      layout_rooms, uniq_psyche
Temple:   compressed_dpeg_triangle_lava_temple
Abyss:6:  base: D:3, gammafunk_abyss_exit_x_factor, evilmike_abyss_exit_vortex,
          due_evilmike_abyss_rune_seething_liches, evilmike_abyss_exit_plants

Skill      XL: |  1  2  3  4  5  6  7 |
---------------+----------------------+-----
Armour         | 4 5 6 |  6.2
Shields        | 4 |  4.8
Fighting       | 4 5 |  5.3
Axes           | 3 4 5 6 7 |  7.3
Dodging        | 1 2 |  2.1
Throwing       | 1 |  1.0
Stealth        | |  0.1

Action                     |  1- 3 |  4- 6 |  7- 9 || total
---------------------------+-------+-------+-------++-------
  Melee: War axe           |    69 |    92 |    47 ||   208
         Headbutt          |     8 |     8 |     5 ||    21
  Throw: Boomerang         |       |     5 |       ||     5
    Use: Potion            |       |     3 |       ||     3
 Armour: Scale mail        |    20 |    54 |    22 ||    96
  Dodge: Dodged            |    32 |    37 |    59 ||   128
  Block: Buckler           |    13 |    22 |    24 ||    59
